 Dungeon Crawl Stone Soup version 0.28.0-49-g6dfe1f597d (webtiles) character file.

Game seed: 458427152591374637

266 Zeld the Conjurer (level 6, -4/45 HPs)
             Began as a Draconian Conjurer on May 19, 2022.
             Slain by a gnoll shaman
             ... wielding a +0 whip
              (7 damage)
             ... on level 4 of the Dungeon.
             The game lasted 00:04:45 (5207 turns).

Zeld the Conjurer (Draconian Conjurer)              Turns: 5207, Time: 00:04:45

Health: -4/45      AC:  6    Str:  9    XL:     6   Next: 0%
Magic:  0/11       EV: 12    Int: 21    God:
Gold:   137        SH:  0    Dex:  9    Spells: 8/11 levels left

rFire   . . .      SeeInvis .   (no weapon)
rCold   . . .      Faith    .   (no shield)
rNeg    . . .      Spirit   .   (armour unavailable)
rPois   .          Reflect  .   (helmet restricted)
rElec   .          Harm     .   (no cloak)
rCorr   .          Rampage  .   (no gloves)
Will    .....                   (no boots)
Stlth   ++........              (no amulet)
HPRegen 0.15/turn               (no ring)
MPRegen 0.12/turn               (no ring)

@: no status effects
A: AC +6, unfitting armour, cold-blooded
a: no special abilities


You were on level 4 of the Dungeon.
You visited 1 branch of the dungeon, and saw 4 of its levels.

You collected 137 gold pieces.

Inventory:

Scrolls
 a - 3 scrolls of teleportation {unknown}
 b - 6 scrolls of identify {unknown}
 c - a scroll of magic mapping {unknown}
 d - a scroll of noise {unknown}
 i - 2 scrolls of blinking {unknown}
Potions
 e - a potion of flight {unknown}
 f - a potion of heal wounds {unknown}
 g - a potion of mutation {unknown}
 h - a potion of might {unknown}
 j - a potion of curing {unknown}
 k - a potion of invisibility {unknown}


   Skills:
 + Level 3.2 Dodging
 + Level 3.3 Stealth
 + Level 3.3 Spellcasting
 + Level 5.0 Conjurations


You had 8 spell levels left.
You knew the following spells:

 Your Spells              Type           Power      Damage    Failure   Level
a - Magic Dart            Conj           96%        1d7       1%          1
b - Searing Ray           Conj           48%        2d6       2%          2

Your spell library contained the following spells:

 Spells                   Type           Power      Damage    Failure   Level
 Static Discharge         Conj/Air       14%        N/A       7%          2
 Dazzling Flash           Conj/Hex       28%        N/A       14%         3
 Gell's Gravitas          Tloc           3%         N/A       36%         3
 Ozocubu's Armour         Ice            3%         N/A       36%         3
 Teleport Other           Tloc           3%         N/A       36%         3
 Fulminant Prism          Conj/Hex       7%         3d7       41%         4
 Iskenderun's Mystic Bla  Conj/Tloc      14%        2d5       41%         4
 Lightning Bolt           Conj/Air       7%         1d19      77%         5
 Metabolic Englaciation   Hex/Ice        1%         N/A       98%         5
 Dispersal                Tloc           1%         N/A       100%        6
 Simulacrum               Ice/Necr       1%         N/A       100%        6
 Borgnjor's Revivificati  Necr           1%         N/A       100%        8
 Maxwell's Capacitive Co  Air            1%         ∞         100%        8
 Necromutation            Tmut/Necr      1%         N/A       100%        8
 Death's Door             Necr           1%         N/A       100%        9


Dungeon Overview and Level Annotations

Branches:
Dungeon (4/15)
 Temple: D:4-7

Altars:
Nemelex Xobeh


Innate Abilities, Weirdness & Mutations

Your plain brown scales are hard. (AC +6)
You cannot fit into any form of body armour.
You are cold-blooded and may be slowed by cold attacks.


Message History

The gnoll hits you with a +0 club.
You closely miss the gnoll. You tail-slap the gnoll.
The gnoll is lightly wounded.
The gnoll hits you from afar with a +0 spear.
* * * LOW HITPOINT WARNING * * *
The gnoll shaman hits you with a +0 whip.
* * * LOW HITPOINT WARNING * * *
The gnoll hits you but does no damage.
You hit the gnoll but do no damage.
The gnoll is lightly wounded.
The gnoll closely misses you.
The gnoll shaman hits you with a +0 whip.
* * * LOW HITPOINT WARNING * * *
The gnoll barely misses you.
Unknown command.
Unknown command.
You hit the gnoll.
The gnoll is moderately wounded.
The gnoll hits you but does no damage. The gnoll shaman closely misses you.
The gnoll hits you with a +0 club.
* * * LOW HITPOINT WARNING * * *
Unknown command.
You hit the gnoll.
The gnoll is heavily wounded.
The gnoll misses you. The gnoll shaman closely misses you.
The gnoll barely misses you.
Unknown command.
Unknown command.
Casting: Magic Dart (safe; 1% risk of failure)
Confirm with . or Enter, or press ? or * to list all spells.
Aiming: Searing Ray (safe; 2% risk of failure)
Press: ? - help, Shift-Dir - straight line The searing ray hits the gnoll.
You kill the gnoll!
The searing ray hits the gnoll!
The gnoll is almost dead. (Press . to maintain the ray.)
The gnoll hits you but does no damage.
The gnoll shaman hits you with a +0 whip!
You die...

#......##
#.....S.# #.
#.#...##
#.#._.#h# #. #
##+# #.#...#(#
#. #.##.##.# #.
#.##.##h# #. #
#.......# ##
#.. ####.####
....g########.#
#...ggg@)g..†.#
##..###########


You could see a gnoll shaman and 4 gnolls.

Vanquished Creatures
  A gnoll sergeant (D:4)
  An iguana (D:4)
  A gnoll shaman (D:3)
  9 gnolls
  2 dart slugs
  4 orcs (D:3)
  4 bats
  6 endoplasms
  3 goblins
  4 hobgoblins
  3 jackals (D:4)
  3 quokkas
  12 ball pythons
  3 frilled lizards
  9 kobolds
  3 rats
68 creatures vanquished.

Notes
Turn   | Place    | Note
-------+----------+-------------------------------------------
     0 | D:1      | Zeld the Draconian Conjurer began the quest for the Orb.
     0 | D:1      | Reached XP level 1. HP: 14/14 MP: 3/3
   712 | D:1      | Reached XP level 2. HP: 20/20 MP: 3/5
   715 | D:1      | Learned a level 2 spell: Searing Ray
  1406 | D:2      | Reached XP level 3. HP: 20/26 MP: 0/6
  3056 | D:4      | Noticed a gnoll sergeant
  3107 | D:4      | Reached XP level 4. HP: 11/33 MP: 3/7
  4499 | D:4      | Killed a gnoll sergeant
  4500 | D:4      | Reached XP level 5. HP: 30/38 MP: 1/9
  5096 | D:4      | Found a sparkling altar of Nemelex Xobeh.
  5140 | D:4      | Reached skill level 5 in Conjurations
  5190 | D:4      | Reached XP level 6. HP: 40/45 MP: 0/11
  5207 | D:4      | Slain by a gnoll shaman

Illustrated notes

Levels and vault maps discovered:
D:1:      sevenhm_arrival_forest_fort_small_5, layout_loops_cross
D:2:      layout_basic
D:3:      layout_basic
D:4:      layout_loops_corners, overflow_temple_1_default

Skill      XL: |  1  2  3  4  5 |
---------------+----------------+-----
Stealth        | 2 3 |  3.3
Dodging        | 2 3 |  3.2
Spellcasting   | 3 |  3.3
Conjurations   | 5 |  5.0

Action                   |  1- 3 |  4- 6 || total
-------------------------+-------+-------++-------
Melee: Unarmed           |    34 |    17 ||    51
       Tailslap          |     3 |     5 ||     8
       Punch             |     1 |       ||     1
 Cast: Magic Dart        |    70 |    10 ||    80
       Searing Ray       |     3 |    14 ||    17
Armor: Skin              |    14 |    25 ||    39
Dodge: Dodged            |    33 |    49 ||    82
